 Dungeon Crawl Stone Soup version 0.21-a0-625-g1119ec1 (webtiles) character file.

41 tidbits the Insei (level 3, 8/28 HPs)
             Began as a Gnoll Transmuter on Dec 24, 2017.
             Quit the game on level 3 of the Dungeon.
             The game lasted 00:02:48 (492 turns).

tidbits the Insei (Gnoll Transmuter)                 Turns: 492, Time: 00:02:49

Health: 8/28       AC:  2    Str: 12    XL:     3   Next: 52%
Magic:  2/9        EV: 14    Int: 16    God:
Gold:   125        SH:  0    Dex: 15    Spells: 6/12 levels left

rFire    . . .     SeeInvis .     - Unarmed
rCold    . . .     Gourm    .   (no shield)
rNeg     . . .     Faith    .   b - +0 robe
rPois    .         Spirit   .   (no helmet)
rElec    .         Reflect  .   (no cloak)
rCorr    .         Harm     .   (no gloves)
MR       .....                  (no boots)
Stlth    ++........             (no amulet)
HPRegen  0.09/turn              (no ring)
MPRegen  0.11/turn              (no ring)

@: very slightly contaminated
A: distributed training, fangs 1, strong nose
a: no special abilities


You were on level 3 of the Dungeon.
You were not hungry.

You visited 1 branch of the dungeon, and saw 3 of its levels.

You collected 125 gold pieces.

Inventory:

Missiles
 a - 11 arrows
Armour
 b - a +0 robe (worn)
 j - a +0 ring mail
 k - a cursed +0 shield
Scrolls
 e - 2 scrolls of remove curse {unknown}
 f - 3 scrolls of identify {unknown}
 g - a scroll of blinking {unknown}
 h - a scroll of immolation {unknown}
 i - a scroll of noise {unknown}
 l - a scroll of amnesia {unknown}
Potions
 m - a potion of agility {unknown}
Books
 c - a book of Changes

   Spells                             Type                      Level
   a - Beastly Appendage              Transmutation                1
   b - Sticks to Snakes               Transmutation                2
   c - Spider Form                    Transmutation/Poison         3
   d - Ice Form                       Ice/Transmutation            4
   e - Blade Hands                    Transmutation                5
Comestibles
 d - 3 rations


   Skills:
 + Level 2.6 Fighting
 + Level 0.8 Short Blades
 + Level 0.8 Long Blades
 + Level 0.8 Axes
 + Level 0.8 Maces & Flails
 + Level 0.8 Polearms
 + Level 0.8 Staves
 + Level 0.8 Slings
 + Level 0.8 Bows
 + Level 0.8 Crossbows
 + Level 0.8 Throwing
 + Level 0.8 Armour
 + Level 4.5 Dodging
 + Level 0.8 Stealth
 + Level 0.8 Shields
 + Level 6.5 Unarmed Combat
 + Level 5.0 Spellcasting
 + Level 0.5 Conjurations
 + Level 0.5 Hexes
 + Level 0.5 Charms
 + Level 0.5 Summonings
 + Level 0.5 Necromancy
 + Level 0.5 Translocations
 + Level 3.7 Transmutations
 + Level 0.5 Fire Magic
 + Level 0.5 Ice Magic
 + Level 0.5 Air Magic
 + Level 0.5 Earth Magic
 + Level 0.5 Poison Magic
 + Level 1.0 Invocations
 + Level 0.8 Evocations


You had 6 spell levels left.
You knew the following spells:

 Your Spells              Type           Power        Failure   Level  Hunger
e - Beastly Appendage     Tmut           ###...       3%          1    None
k - Sticks to Snakes      Tmut           ###.....     4%          2    #......
p - Spider Form           Tmut/Pois      ##........   19%         3    ###....


Dungeon Overview and Level Annotations

Branches:
Dungeon (3/15)

Altars:
Zin


Innate Abilities, Weirdness & Mutations

Your experience applies equally to all skills.
You have very sharp teeth.
Your uncanny sense of smell can sniff out nearby items.


Message History

You kill the orc!
Your Spellcasting skill increases to level 5!
No target in view!
No target in view!
Memorise Spider Form, consuming 3 spell levels and leaving 6?
You start memorising the spell.
You continue memorising. x3
You finish memorising.
Spell assigned to 'p'.
Things that are here:
a hand axe; a leopard gecko corpse
Found a glowing cyan potion.
A frilled lizard comes into view.
Found a sapphire potion.
You see here a shield.
k - a shield The frilled lizard hisses angrily.
You hear a shout!
You see here a scroll labeled UTUAGGUSIP.
You see here a scroll labeled UTUAGGUSIP.
l - a scroll labeled UTUAGGUSIP Your magical contamination has completely faded away.
You see here a ration.
Casting: Beastly Appendage
Confirm with . or Enter, or press ? or * to list all spells.
Your horns disappear.
You turn into a venomous arachnid creature.
Your +0 robe melds into your body.
d - 3 rations (gained 1)
You bite the frilled lizard!
You kill the frilled lizard!
Your transformation is almost over.
You see here a glowing cyan potion.
m - a glowing cyan potion A worm comes into view.
A hobgoblin comes into view.
You hit the hobgoblin.
The hobgoblin is poisoned.
The hobgoblin is almost dead.
Your transformation has ended.
Your +0 robe unmelds from your body.
The hobgoblin hits you.
Casting: Spider Form
Confirm with . or Enter, or press ? or * to list all spells.
You turn into a venomous arachnid creature.
Your +0 robe melds into your body.
You kill the hobgoblin!
An adder comes into view.
The adder hisses angrily.
You hit the worm.
The worm is moderately wounded.
You hit the worm but do no damage.
The worm is poisoned.
The worm is moderately wounded.
The worm barely misses you.
You hit the worm.
The worm is moderately wounded.
You bite the worm!
The worm looks as sick as possible!
The worm is almost dead.
You kill the worm!
An orc comes into view.
Casting: Spider Form
Confirm with . or Enter, or press ? or * to list all spells.
You miscast Sticks to Snakes.
You are very lightly contaminated with residual magic.
Your skin tingles.
The orc shouts!
Casting: Sticks to Snakes
Confirm with . or Enter, or press ? or * to list all spells.
You miscast Sticks to Snakes.
Waves of light ripple over your body.
Your transformation is almost over.
The adder bites you.
* * * LOW HITPOINT WARNING * * *
You closely miss the adder. The adder completely misses you.
A hobgoblin comes into view. It is wielding a rapier.
You barely miss the adder. The adder completely misses you.
You barely miss the adder. The adder bites you.
* * * LOW HITPOINT WARNING * * *
The adder completely misses you.
The hobgoblin shouts!
You hit the adder.
The adder is poisoned.
The adder is moderately wounded.
The orc closely misses you. The adder bites you.
* * * LOW HITPOINT WARNING * * *
You hit the adder but do no damage.
The adder looks as sick as possible!
The adder is heavily wounded.
The orc completely misses you. The adder closely misses you.
You completely miss the adder.
The adder is heavily wounded.
The adder barely misses you. The orc completely misses you.
A giant cockroach comes into view.
You closely miss the adder.
The adder is severely wounded.
You kill the adder!
Your Invocations skill increases to level 1!
The orc completely misses you.
An orc comes into view. It is wielding a dagger.
You completely miss the orc. The orc misses you.
You see here a hobgoblin corpse.
Your transformation has ended.
Your +0 robe unmelds from your body.
Casting: Sticks to Snakes
Confirm with . or Enter, or press ? or * to list all spells.
You don't have enough magic to cast that spell.
Are you sure you want to abandon this character and quit the game? (Confirm with "yes".)

######.................#
#.................# .s ∆
.......................##...
############)##.............
#.##.[.......#...
#.##....†..o.# ..
#.##....g....# .
#.##.........#
#.##.@o......#
#.##.........#
#.##!.......... ∆
#.##...........#
########....# .... ..


You could see 2 orcs and a hobgoblin.

Vanquished Creatures
  2 adders (D:3)
  A worm (D:3)
  A leopard gecko (D:3)
  An orc (D:3)
  5 bats
  3 goblins
  2 hobgoblins
  A frilled lizard (D:3)
  A kobold (D:1)
  2 rats (D:1)
19 creatures vanquished.

Notes
Turn   | Place    | Note
-------+----------+-------------------------------------------
     0 | D:1      | tidbits the Gnoll Transmuter began the quest for the Orb.
     0 | D:1      | Reached XP level 1. HP: 17/17 MP: 6/6
   282 | D:1      | Reached XP level 2. HP: 17/23 MP: 7/7
   286 | D:1      | Learned a level 2 spell: Sticks to Snakes
   333 | D:2      | Found a glowing silver altar of Zin.
   439 | D:3      | Reached XP level 3. HP: 15/28 MP: 6/9
   440 | D:3      | Reached skill level 5 in Spellcasting
   445 | D:3      | Learned a level 3 spell: Spider Form
   486 | D:3      | Reached skill level 1 in Invocations
   492 | D:3      | Quit the game

Vault maps used:
D:1:      saegor_arrival_miasma
D:2:      lemuel_doored_altar, nicolae_overflow_crystal_walls,
          kennysheep_generic_room_3, uniq_crazy_yiuf_cottage, uniq_sigmund
D:3:      grunt_temple_overflow_forces_of_nature, okawaru_metal_pillars_1_2

Skill      XL: |  1  2  3 |
---------------+----------+-----
Spellcasting   | 5 |  5.0
Invocations    | 1 |  1.0
Fighting       | |  2.6
Short Blades   | |  0.8
Long Blades    | |  0.8
Axes           | |  0.8
Maces & Flails | |  0.8
Polearms       | |  0.8
Staves         | |  0.8
Slings         | |  0.8
Bows           | |  0.8
Crossbows      | |  0.8
Throwing       | |  0.8
Armour         | |  0.8
Dodging        | |  4.5
Stealth        | |  0.8
Shields        | |  0.8
Unarmed Combat | |  6.5
Conjurations   | |  0.5
Hexes          | |  0.5
Charms         | |  0.5
Summonings     | |  0.5
Necromancy     | |  0.5
Translocations | |  0.5
Transmutations | |  3.7
Fire Magic     | |  0.5
Ice Magic      | |  0.5
Air Magic      | |  0.5
Earth Magic    | |  0.5
Poison Magic   | |  0.5
Evocations     | |  0.8

Action                   || total
-------------------------++-------
Melee: Unarmed           ||    47
       Bite              ||     1
 Cast: Beastly Appendage ||     8
       Sticks to Snakes  ||     1
       Spider Form       ||     2
 Stab: Sleeping          ||     1
Armor: Robe              ||    15
Dodge: Dodged            ||    40

Table legend:
 A = Spawn XP
 B = Non-spawn XP
 C = Spawn XP percentage of total XP
 D = Spawn monster count
 E = Non-spawn monster count
 F = Spawn count percentage of total count
 G = Total turns spent on level
                    A         B        C        D         E        F      G
               +---------+---------+-------+---------+---------+-------+---------
         Total |       0 |      59 |   0.0 |       0 |      19 |   0.0 |   492
               +---------+---------+-------+---------+---------+-------+---------
           D:1 |       0 |      12 |   0.0 |       0 |       8 |   0.0 |   314
           D:2 |       0 |       6 |   0.0 |       0 |       3 |   0.0 |    68
           D:3 |       0 |      41 |   0.0 |       0 |       8 |   0.0 |   110
               +---------+---------+-------+---------+---------+-------+---------

Table legend:
 A = Turns spent in this place as a percentage of turns spent in the entire game.
 B = Non-inter-level travel turns spent in this place as a percentage of non-inter-level travel turns spent in the entire game.
 C = Inter-level travel turns spent in this place as a percentage of turns spent in this place.
 D = Turns resting spent in this place as a percentage of non-inter-level travel turns spent in this place.
 E = Turns spent auto-exploring this place as a percentage of non-inter-level travel turns spent in this place.
 F = Non-inter-level travel turns spent in this place divided by the number of levels of this place that you've seen.
                   A       B       C       D       E      F
               +-------+-------+-------+-------+-------+----------------------
         Total | 100.0 | 100.0 |   0.0 |   0.0 |   0.0 | 164.0
       Dungeon | 100.0 | 100.0 |   0.0 |   0.0 |   0.0 | 164.0
               +-------+-------+-------+-------+-------+----------------------

Table legend:
 A = Kills in this place as a percentage of kills in entire the game.
 B = Kills by you in this place as a percentage of kills by you in the entire game.
 C = Kills by friends in this place as a percentage of kills by friends in the entire game.
 D = Other kills in this place as a percentage of other kills in the entire game.
 E = Experience gained in this place as a percentage of experience gained in the entire game.
 F = Experience gained in this place divided by the number of levels of this place that you have seen.
                   A       B       C       D       E      F
               +-------+-------+-------+-------+-------+----------------------
         Total | 100.0 | 100.0 |   N/A |   N/A | 100.0 |  19.7
       Dungeon | 100.0 | 100.0 |   N/A |   N/A | 100.0 |  19.7
               +-------+-------+-------+-------+-------+----------------------

Vault maps used:
D:1:      saegor_arrival_miasma
D:2:      lemuel_doored_altar, nicolae_overflow_crystal_walls,
          kennysheep_generic_room_3, uniq_crazy_yiuf_cottage, uniq_sigmund
D:3:      grunt_temple_overflow_forces_of_nature, okawaru_metal_pillars_1_2
